 Dungeon Crawl Stone Soup version 0.26-a0-854-gdc81c2f471 (webtiles) character file.

Game seed: 14059723924344102147

14 Lemonice the Covert (level 2, -2/29 HPs)
             Began as a Gnoll Delver on Nov 24, 2020.
             Killed from afar by Edmund (9 damage)
             ... with a puff of flame
             ... on level 5 of the Dungeon.
             The game lasted 00:01:57 (547 turns).

Lemonice the Covert (Gnoll Delver)                   Turns: 547, Time: 00:01:57

Health: -2/29      AC:  3    Str: 14    XL:     2   Next: 41%
Magic:  2/2        EV: 14    Int: 12    God:
Gold:   25         SH:  0    Dex: 16    Spells: 1/1 levels left

rFire    . . .     SeeInvis +   a - +0 spear
rCold    . . .     Faith    .   (no shield)
rNeg     . . .     Spirit   .   b - +0 leather armour
rPois    .         Reflect  .   (no helmet)
rElec    .         Harm     .   (no cloak)
rCorr    .         Rampage  .   (no gloves)
MR       .....                  (no boots)
Stlth    ++++......             (no amulet)
HPRegen  0.09/turn              j - ring of see invisible
MPRegen  0.08/turn              (no ring)

@: hasted, very quick
A: distributed training, fangs 1, strong nose
a: no special abilities


You were on level 5 of the Dungeon.
You visited 1 branch of the dungeon, and saw 3 of its levels.

You collected 25 gold pieces.

Inventory:

Hand Weapons
 a - a +0 spear (weapon)
 h - a +0 battleaxe
Armour
 b - a +0 leather armour (worn)
Jewellery
 j - a ring of see invisible (left hand)
Wands
 g - a wand of digging (3)
Scrolls
 c - a scroll of fog
 d - a scroll of magic mapping
 e - a scroll of fear
 i - a scroll of identify {unknown}
 k - a scroll of remove curse {unknown}
Potions
 f - a potion of haste


   Skills:
 + Level 6.5 Fighting
 + Level 0.4 Short Blades
 + Level 0.4 Long Blades
 + Level 0.4 Axes
 + Level 0.4 Maces & Flails
 + Level 4.5 Polearms
 + Level 0.4 Staves
 + Level 0.4 Slings
 + Level 0.4 Bows
 + Level 0.4 Crossbows
 + Level 0.4 Throwing
 + Level 0.4 Armour
 + Level 4.5 Dodging
 + Level 9.5 Stealth
 + Level 0.4 Shields
 + Level 0.4 Unarmed Combat
 + Level 0.4 Spellcasting
 + Level 0.2 Conjurations
 + Level 0.2 Hexes
 + Level 0.2 Summonings
 + Level 0.2 Necromancy
 + Level 0.2 Translocations
 + Level 0.2 Transmutations
 + Level 0.2 Fire Magic
 + Level 0.2 Ice Magic
 + Level 0.2 Air Magic
 + Level 0.2 Earth Magic
 + Level 0.2 Poison Magic
 + Level 0.5 Invocations
 + Level 0.4 Evocations


You had one spell level left.
You didn't know any spells.
Your spell library was empty.

Dungeon Overview and Level Annotations

Branches:
Dungeon (5/15)
 Temple: D:4-7

Altars:
Ashenzari

Annotations:
D:5 Edmund


Innate Abilities, Weirdness & Mutations

Your experience applies equally to all skills.
You have very sharp teeth.
Your uncanny sense of smell can sniff out nearby items.


Message History

* * * LOW HITPOINT WARNING * * *
You hit the shadow imp.
You kill the shadow imp!
You have reached level 2!
You start resting.
HP restored.
Edmund the Younger comes into view.
He is wielding a +1 flail of distortion and carrying a wand of flame (16).
Found 12 gold pieces.
The helpless Edmund fails to defend himself.
You hit Edmund.
Edmund is lightly wounded.
Edmund zaps a wand.
The puff of flame hits you!
You hit Edmund.
Edmund is lightly wounded.
Edmund zaps a wand.
The puff of flame hits you!
* * * LOW HITPOINT WARNING * * *
Your leather armour prevents you from hitting Edmund.
Edmund is lightly wounded.
You feel yourself speed up.
Edmund zaps a wand.
The puff of flame hits you!
You die...

##....# ...
#.....# ... ∆
#.....# ....
#.....# .....
#.....## .....#
#......#
#.....###...#...#
#....$@#...##
#... #......@..##
## #..###.!.##
##### ∆


You could see Edmund.

Vanquished Creatures
  A shadow imp (D:5)
  An orc (D:3)
  A hobgoblin (D:3)
  A bat (D:3)
  A frilled lizard (D:4)
  A kobold (D:3)
  A rat (D:3)
7 creatures vanquished.

Notes
Turn   | Place    | Note
-------+----------+-------------------------------------------
     0 | D:5      | Reached skill level 9 in Stealth
     0 | D:5      | Lemonice the Gnoll Delver began the quest for the Orb.
     0 | D:5      | Reached XP level 1. HP: 23/23 MP: 1/1
    50 | D:5      | Found a broken altar of Ashenzari.
   185 | D:4      | Noticed a jelly
   309 | D:5      | Reached XP level 2. HP: 8/29 MP: 2/2
   543 | D:5      | Noticed Edmund
   547 | D:5      | Killed from afar by Edmund

Illustrated notes

Levels and vault maps discovered:
D:3:      layout_loops_cross
D:4:      layout_layer_cave, tgw_sif
D:5:      layout_layer_cave, basic_altar, uniq_edmund

Skill      XL: | |
---------------+-+-----
Stealth        | |  9.5
Fighting       | |  6.5
Short Blades   | |  0.4
Long Blades    | |  0.4
Axes           | |  0.4
Maces & Flails | |  0.4
Polearms       | |  4.5
Staves         | |  0.4
Slings         | |  0.4
Bows           | |  0.4
Crossbows      | |  0.4
Throwing       | |  0.4
Armour         | |  0.4
Dodging        | |  4.5
Shields        | |  0.4
Unarmed Combat | |  0.4
Spellcasting   | |  0.4
Conjurations   | |  0.2
Hexes          | |  0.2
Summonings     | |  0.2
Necromancy     | |  0.2
Translocations | |  0.2
Transmutations | |  0.2
Fire Magic     | |  0.2
Ice Magic      | |  0.2
Air Magic      | |  0.2
Earth Magic    | |  0.2
Poison Magic   | |  0.2
Invocations    | |  0.5
Evocations     | |  0.4

Action                   || total
-------------------------++-------
Melee: Spear             ||    28
       Bite              ||     3
  Use: Potion            ||     1
 Stab: Sleeping          ||     5
Armor: Leather armour    ||     4
Dodge: Dodged            ||     8

Table legend: (Time is in decaauts)
 A = Elapsed time spent in this place.
 B = Non-inter-level travel time spent in this place.
 C = Inter-level travel time spent in this place.
 D = Time resting spent in this place.
 E = Time spent auto-exploring this place.
 F = Levels seen in this place.
 G = Mean time per level.
                   A        B        C        D        E       F      G
               +--------+--------+--------+--------+--------+-----+--------+
         Total |    543 |    543 |      0 |    233 |     87 |   3 |  181.0 |
       Dungeon |    543 |    543 |      0 |    233 |     87 |   3 |  181.0 |
               +--------+--------+--------+--------+--------+-----+--------+

Top non-repeatable levels by time:
     D:5: 367 daAuts
     D:4: 134 daAuts
     D:3: 40 daAuts
